 Dungeon Crawl Stone Soup version 0.30.2 (webtiles) character file.

Game seed: 12784525594921552234

91 Ashen the Ogre Mage (level 4, -1/45 HPs)
             Began as an Ogre Warper on Jan 22, 2024.
             Slain by a gnoll
             ... wielding a +0 spear
              (4 damage)
             ... on level 2 of the Dungeon.
             The game lasted 00:02:07 (1342 turns).

Ashen the Ogre Mage (Ogre Warper)                   Turns: 1342, Time: 00:02:08

Health: -1/45      AC:  3    Str: 15    XL:     4   Next: 57%
Magic:  9/9        EV: 10    Int: 16    God:
Gold:   57         SH:  0    Dex:  8    Spells: 9/9 levels left

rFire   . . .        a - +0 mace
rCold   . . .        (no shield)
rNeg    . . .        b - +0 robe
rPois   .            (helmet restricted)
rElec   .            (no cloak)
rCorr   .            (gloves unavailable)
SInv    .            (boots unavailable)
Will    .....        (no amulet)
Stlth   +            (no ring)
HPRegen 0.27/turn    (no ring)
MPRegen 0.11/turn

%: no passive effects
@: no status effects
A: large, unfitting armour, tough skin 1
a: no special abilities


You were on level 2 of the Dungeon.
You visited 1 branch of the dungeon, and saw 2 of its levels.

You collected 57 gold pieces.

Inventory:

Hand Weapons
 a - a +0 mace (weapon)
Missiles
 d - 7 boomerangs of dispersal (quivered)
Armour
 b - a +0 robe (worn)
Scrolls
 c - a scroll of blinking
 e - a scroll of enchant weapon {unknown}
 f - a scroll of identify {unknown}
 g - a scroll of enchant armour {unknown}
Potions
 h - a potion of haste {unknown}
 i - 3 potions of lignification {unknown}
 j - a potion of heal wounds {unknown}
 k - a potion of degeneration {unknown}


   Skills:
 + Level 3.4 Fighting
 + Level 2.1 Maces & Flails
 - Level 1.0 Throwing
 + Level 2.5 Dodging
 * Level 3.4 Spellcasting
 * Level 3.4 Translocations


You had 9 spell levels left.
You didn't know any spells.
Your spell library contained the following spells:

 Spells                   Type           Power      Damage    Failure   Level
 Blink                    Tloc           26%        N/A       7%          2
 Lesser Beckoning         Tloc           26%        N/A       7%          2
 Gell's Gravitas          Tloc           13%        N/A       13%         3
 Teleport Other           Tloc           13%        N/A       13%         3
 Vhi's Electric Charge    Tloc/Air       16%        N/A       26%         3
 Manifold Assault         Tloc           13%        N/A       41%         4


Dungeon Overview and Level Annotations

Branches:
Dungeon (2/15)

Altars:


Innate Abilities, Weirdness & Mutations

You are too large for most types of armour.
You have tough skin. (AC +1)


Message History

You closely miss the gnoll.
The gnoll is severely wounded.
The gnoll hits you with a +0 spear. x2
You completely miss the gnoll.
The gnoll is severely wounded.
The gnoll closely misses you.
You hit the gnoll.
The gnoll is severely wounded.
The gnoll hits you with a +0 spear.
You are too injured to fight recklessly!
You are too injured to fight recklessly!
You hit the gnoll but do no damage.
The gnoll is severely wounded.
The gnoll closely misses you. The gnoll hits you with a +0 spear.
You barely miss the gnoll.
The gnoll is severely wounded.
The gnoll hits you with a +0 spear.
You barely miss the gnoll.
The gnoll is severely wounded.
The gnoll hits you with a +0 spear.
You barely miss the gnoll.
The gnoll is severely wounded.
The gnoll hits you with a +0 spear.
* * * LOW HITPOINT WARNING * * *
You completely miss the gnoll. Your punch misses the gnoll.
The gnoll is severely wounded.
The gnoll hits you with a +0 spear.
* * * LOW HITPOINT WARNING * * *
The gnoll hits you with a +0 spear.
* * * LOW HITPOINT WARNING * * *
You hit the gnoll but do no damage.
The gnoll is severely wounded.
The gnoll hits you with a +0 spear.
* * * LOW HITPOINT WARNING * * *
You closely miss the gnoll.
The gnoll is severely wounded.
The gnoll closely misses you.
You don't know any spells.
The gnoll attacks as you move away! The gnoll hits you with a +0 spear.
You die...

###.....###.###......##########
#......)<†....###.#.#
#......###.#### #.#.#
####......# #.# #.#.#
........#####.# #.#.#
###..)...)....# #.#.#
........####### ##.#.#
###..........######.#..#
#..#.#####...g@..###.## #..#.#
######.## ##.## #. #.# #.##
##.# #. #.# ##.## ##.## . .<#
##.###.## ## ..# # ##.#.## ..
....####.## #......# ########


You could see a gnoll.

Vanquished Creatures
  A hound (D:1)
  A gnoll (D:1)
  An adder (D:2)
  6 ball pythons
  8 endoplasms
  A giant cockroach (D:2)
  A hobgoblin (D:1)
  4 jackals (D:1)
  A bat (D:1)
  A frilled lizard (D:1)
  4 goblins
  7 kobolds
  3 rats (D:1)
39 creatures vanquished.

Notes
Turn   | Place    | Note
-------+----------+-------------------------------------------
     0 | D:1      | Ashen the Ogre Warper began the quest for the Orb.
     0 | D:1      | Reached XP level 1. HP: 22/22 MP: 3/3
   152 | D:1      | Reached XP level 2. HP: 29/29 MP: 5/5
   410 | D:1      | Reached XP level 3. HP: 30/37 MP: 7/7
  1007 | D:1      | Reached XP level 4. HP: 42/45 MP: 8/8
  1342 | D:2      | Slain by a gnoll

Illustrated notes

Levels and vault maps discovered:
D:1:      dreamdust_arrival_beginning_and_end, layout_loops_cross
D:2:      layout_loops_ring

Skill      XL: |  1  2  3 |
---------------+----------+-----
Fighting       | 3 |  3.4
Translocations | 3 |  3.4
Maces & Flails | 2 |  2.1
Spellcasting   | 3 |  3.4
Throwing       | |  1.0
Dodging        | |  2.5

Action                     |  1- 3 |  4- 6 || total
---------------------------+-------+-------++-------
  Melee: Mace              |   106 |    34 ||   140
         Punch             |       |     1 ||     1
 Armour: Robe              |    45 |     6 ||    51
  Dodge: Dodged            |    55 |    20 ||    75
